AoeStats
← kV0t3

Arabia

508585842Analyzed
1v1 RM · 9d ago on Sep 23, 2026· 37m 7s· 2 players
Game mode
Random Map
Map size
Tiny (2 player)
Population
200
Speed
Normal
Resources
Standard
Victory
Conquest
Starting age
Dark Age
Ending age
Imperial Age
RankedLock teamsTeams togetherTeam positionsShared explorationLock speedFull tech treeHidden civsTurbo modeCheats
Victory
Defeat
🇦🇷 Maya · Argentina
1214
+18
🇹🇼 Cumans · Taiwan
1256
-18
kV0t3
0:26 Loom
8:52 Feudal Age
9:22 Double-Bit Axe
14:42 Wheelbarrow
20:55 Castle Age
19:03 Fletching
20:53 Padded Archer Armor
21:04 Crossbowman
21:39 Bodkin Arrow
21:55 Bow Saw
22:52 Gold Mining
23:01 Horse Collar
26:06 Leather Archer Armor
25:51 Scale Mail Armor
26:26 Pikeman
27:07 Squires
30:32 Heavy Plow
30:44 Forging
32:26 Hand Cart
32:02 Stone Mining
32:31 Chain Mail Armor
32:46 Ballistics
39:49 Imperial Age
565120579
7:07 Loom
9:35 Feudal Age
16:56 Castle Age
23:51 Devotion
26:01 Bloodlines
26:28 Wheelbarrow
27:55 Scale Barding Armor
29:13 Chain Barding Armor
29:10 Town Watch
29:36 Double-Bit Axe
Connection lost

Rejoining the realm…

Still unreachable

The connection could not be restored.

Session expired

The server has moved on; the page needs a fresh start.